Cogmind - Beta 11.1 *** ADVENTURER MODE // 2022.07.02 @ 18:19:44 Player: Megumi Haze Result: Destroyed by L-41 Fighter with Axe Performance ------------- Evolutions (4) 2000 Regions Visited (8) 1600 Robots Destroyed (81) 405 Value Destroyed (2775) 2775 Prototype IDs (7) 140 Alien Tech Used (0) 0 Bonus (381) 381 TOTAL SCORE: 7301 Bonus ------- Follower Combat Kills 81 Aligned with FarCom 300 Cogmind --------- Core Integrity 0/850 Matter 243/300 Energy 148/150 System Corruption 2% Temperature Cool (29) Movement Walking (400) Ox4 Location -6/Factory Parts ------- > --- POWER (1) -------- Light Angular Momentum Engine > --- PROPULSION (4) --- Flexi-carbon Leg > --- UTILITY (8) ------ Huge Storage Unit Advanced Visual Processing Unit Improved Signal Interpreter Improved Terrain Scan Processor Matter Filter Hacking Suite > --- WEAPON (2) ------- Gauss Rifle > --- INVENTORY (25) --- Improved Deuterium Engine Advanced Treads Advanced Treads Power Amplifier Improved Heat Sink Improved Cooling System Compact Matter Pod (59) Machine Analyzer Advanced Melee Analysis Suite Recoil Stabilizer Improved Datajack Peak State ------------ > --- POWER ------------ Light Angular Momentum Engine > --- PROPULSION ------- Advanced Treads Advanced Treads Carbon-fiber Leg Flexi-carbon Leg > --- UTILITY ---------- Huge Storage Unit Advanced Visual Processing Unit Improved Signal Interpreter Improved Terrain Scan Processor Matter Filter Phase Shifter Improved Light Armor Plating Hacking Suite > --- WEAPON ----------- Plasma Rifle Gauss Rifle > --- INVENTORY -------- Improved Deuterium Engine Power Amplifier Improved Heat Sink Improved Cooling System Compact Matter Pod Machine Analyzer Advanced Melee Analysis Suite Recoil Stabilizer Improved Datajack [Rating: 56] Favorites ----------- Power Light Nuclear Core Engine Light Ion Engine Power Core Light Nuclear Core Propulsion Aluminum Leg Treads Light Treads Leg Aluminum Leg Wheel Compact Wheel Hover Unit Airjet Flight Unit Flight Unit Utility Improved Terrain Scan Processor Device Heat Sink Storage Medium Storage Unit Processor Improved Terrain Scan Processor Hackware Hacking Suite Protection Utility Shielding Weapon Ripper Energy Gun Gatling Laser Ballistic Gun Light Assault Rifle Ballistic Cannon Advanced Assault Cannon Special Weapon Plasma Cutter Impact Weapon Heavy Hammer Slashing Weapon Ripper Special Melee Weapon Improved Datajack Build | -11 -10 -10 -10 -9 -8 -7 -7 -6 ------- Run | Scr Mat Min Exi Min Mat Fac Sto Fac Slots Evolved 8 | . . . . . 4 2 . 2 Power . | . . . . . . . . . Propulsion 2 | . . . . . 2 . . . Utility 6 | . . . . . 2 2 . 2 Weapon . | . . . . . . . . . Parts Attached 141 | 5 27 18 1 8 43 15 2 22 Power 13 | 1 1 3 . 1 3 2 . 2 Engine 6 | 1 . 2 . 1 1 . . 1 Core 7 | . 1 1 . . 2 2 . 1 Reactor . | . . . . . . . . . Propulsion 51 | 2 7 4 . 2 25 7 . 4 Treads 22 | . . . . . 13 7 . 2 Leg 22 | . 3 4 . 2 11 . . 2 Wheel 3 | 2 1 . . . . . . . Hover 1 | . . . . . 1 . . . Flight 3 | . 3 . . . . . . . Utility 42 | . 13 4 1 3 9 5 . 7 Device 14 | . 2 . . . 3 4 . 5 Storage 18 | . 9 3 . 3 2 . . 1 Processor 6 | . . 1 1 . 3 1 . . Hackware 1 | . . . . . 1 . . . Protection 3 | . 2 . . . . . . 1 Artifact . | . . . . . . . . . Weapon 35 | 2 6 7 . 2 6 1 2 9 Energy Gun 9 | 2 1 1 . . 1 1 1 2 Energy Cannon . | . . . . . . . . . Ballistic Gun 12 | . . 5 . . 2 . . 5 Ballistic Cannon 2 | . . . . . . . 1 1 Launcher . | . . . . . . . . . Special Weapon 4 | . 4 . . . . . . . Impact Weapon 1 | . . . . 1 . . . . Slashing Weapon 5 | . . 1 . 1 2 . . 1 Piercing Weapon . | . . . . . . . . . Special Melee Weapon 2 | . 1 . . . 1 . . . Unidentified Prototypes 1 | . . . 1 . . . . . Parts Lost 17 | . 1 2 . . 2 1 1 10 Power 5 | . . 2 . . 1 . . 2 Propulsion 5 | . . . . . . 1 1 3 Utility 2 | . . . . . 1 . . 1 Weapon 5 | . 1 . . . . . . 4 Highest Loss Streak 6 | . 1 1 . . 1 1 1 6 To Critical Strikes . | . . . . . . . . . Average Slot Usage (%) 96 | . 98 99 100 93 98 98 99 79 Engine 4 | . 9 1 14 14 2 . . 1 Core 5 | . 4 12 . . 6 5 7 3 Treads 13 | . . . . . 26 29 29 11 Leg 12 | . 10 26 28 28 9 . . 4 Wheel 1 | . 6 . . . . . . . Flight 2 | . 10 . . . . . . . Device 7 | . 13 8 . . 3 7 7 13 Storage 10 | . 11 14 14 14 9 7 7 5 Processor 13 | . . 5 14 14 16 23 23 20 Hackware 3 | . . . . . 7 7 7 6 Energy Gun 3 | . 10 2 . . . 4 7 . Ballistic Gun 5 | . . 16 14 7 4 2 . 2 Special Weapon 1 | . 6 1 . . . . . . Slashing Weapon 5 | . . 7 14 14 11 . . 3 Special Melee Weapon 3 | . 8 . . . 2 7 7 1 Naked Turns . | . . . . . . . . . Heaviest Build 104 | 7 88 28 17 29 90 91 91 104 Greatest Support 90 | 20 20 20 20 20 84 90 90 70 Greatest Overweight (x) 4 | . 4 1 . 1 1 1 1 2 Average Overweight (x) . | . . . . . . 1 1 1 Largest Inventory Capacity 25 | 5 25 15 10 25 25 25 25 25 Average Capacity 15 | 5 9 9 10 10 16 25 25 22 Most Carried 16 | 2 11 10 10 14 16 16 11 13 Average Carried 9 | . 8 9 9 9 13 9 10 9 Final Capacity 25 | 5 10 10 10 10 25 25 25 25 Final Carried 16 | 2 10 9 9 10 16 10 11 11 Class Distribution -------------------- 48% | Hacker-Mutant 33% | Scavenger-Mutant 18% | Mutant Dominant Class ---------------- Mutant | -10/Materials Scavenger-Mutant | -10/Mines Scavenger-Mutant | -10/Exiles Mutant | -9/Mines Hacker-Mutant | -8/Materials Hacker-Mutant | -7/Factory Hacker-Mutant | -7/Storage Hacker-Mutant | -6/Factory Resources | -11 -10 -10 -10 -9 -8 -7 -7 -6 ----------- Run | Scr Mat Min Exi Min Mat Fac Sto Fac Matter Collected 2223 | 250 370 188 . 100 567 247 . 501 Remotely . | . . . . . . . . . Salvage Created 3198 | 43 454 182 . 64 1177 372 . 906 Parts 176 | 3 32 14 . 8 60 20 . 39 Haulers Intercepted 3 | . . . . . 1 . . 2 Recyclers Shooed . | . . . . . . . . . Parts Field Recycled . | . . . . . . . . . Retrieved Matter . | . . . . . . . . . Parts Self-Destructed . | . . . . . . . . . Prevented . | . . . . . . . . . Kills | -11 -10 -10 -10 -9 -8 -7 -7 -6 ------- Run | Scr Mat Min Exi Min Mat Fac Sto Fac Combat Hostiles Destroyed 61 | 1 11 6 . 2 21 7 . 13 Melee 13 | . . 1 . 2 9 . . 1 Guns 40 | 1 11 4 . . 12 7 . 5 Cannons 7 | . . 1 . . . . . 6 AOE 1 | . . . . . . . . 1 Classes Destroyed 11 | 1 3 . . . 5 2 . . Worker 4 | . 1 . . . 1 . . 2 Builder 3 | . . . . . . 1 . 2 Tunneler 2 | . . . . . 1 . . 1 Hauler 3 | . . . . . 1 . . 2 Recycler 2 | . . . . . 1 1 . . Watcher 6 | . 3 . . . 1 2 . . Swarmer 16 | . 3 3 . . 4 4 . 2 Grunt 28 | 1 8 3 . 2 8 . . 6 Sentry 9 | . . . . . 7 1 . 1 Hunter 7 | . . . . . 2 1 . 4 Programmer 1 | . . . . . . 1 . . Best Kill Streak 9 | 1 4 2 . 2 3 4 . 9 Combat Bots Only 4 | 1 4 2 . 2 3 4 . 4 Max Kills in Single Turn 2 | 1 1 1 . 1 1 1 . 2 Gunslinging . | . . . . . . . . . Exploded 1 | . . . . . . . . 1 Melee 1 | . . 1 . 1 1 . . 1 Uniques/NPCs Destroyed . | . . . . . . . . . Combat | -11 -10 -10 -10 -9 -8 -7 -7 -6 -------- Run | Scr Mat Min Exi Min Mat Fac Sto Fac Damage Taken 4257 | 8 258 369 . 25 1130 516 68 1883 Core 1232 | . 52 70 . . 192 61 4 853 Absorbed by Shields . | . . . . . . . . . Regen/Repaired (Parts) 127 | . . . . . . 127 . . Core Remaining (%) 76 | 100 . . . 51 65 . 90 . Volleys Fired 250 | 3 67 20 . . 51 37 5 67 Largest 2 | 2 2 2 . . 1 1 1 2 Hottest 200 | 100 200 60 . . 28 80 80 103 Shots Fired 278 | 6 68 40 . . 51 37 5 71 Gun 237 | 6 66 30 . . 51 37 5 42 Cannon 29 | . . . . . . . . 29 Launcher . | . . . . . . . . . Special 12 | . 2 10 . . . . . . Kinetic 148 | . . 23 . . 51 10 . 64 Thermal 130 | 6 68 17 . . . 27 5 7 Explosive . | . . . . . . . . . Electromagnetic . | . . . . . . . . . Robot Hit Streak 18 | 3 12 10 . . 18 15 . 11 Robot Miss Streak 6 | 1 1 6 . . 2 2 . 2 Penetration Max 1 | . . . . . 1 . . . Secondary Targets 2 | . . 2 . . . . . . Max Gunslinging Chain 1 | . . 1 . . . . . . Shots Hit Robots 254 | 4 56 22 . 3 74 40 1 54 Core Hits 169 | 2 27 12 . 2 33 26 . 67 Critical Kills 1 | . . . . . 1 . . . Critical Parts Destroyed 3 | . . . . . . 1 . 2 Critical Strikes 10 | . . . . . 5 1 . 4 Destroy 4 | . . . . . 1 1 . 2 Blast 2 | . . . . . . . . 2 Sever 4 | . . . . . 4 . . . Melee Attacks 73 | . 12 2 . 10 35 3 1 10 Impact . | . . . . . . . . . Slashing 55 | . . 2 . 10 33 . . 10 Piercing . | . . . . . . . . . Sneak Attacks 14 | . 7 . . . 4 2 1 . Combat Hostiles . | . . . . . . . . . Follow-up Attacks 3 | . . . . . 3 . . . Damage Inflicted 5912 | 62 519 237 . 162 2173 853 . 1906 Guns 2921 | 62 519 122 . . 912 853 . 453 Cannons 573 | . . . . . . . . 573 Explosions 628 | . . . . . . . . 628 Melee 1706 | . . 31 . 162 1261 . . 252 Ramming . | . . . . . . . . . Kinetic 2118 | . . 77 . . 912 180 . 949 Thermal 1460 | 62 519 129 . . . 673 . 77 Explosive . | . . . . . . . . . Electromagnetic 628 | . . . . . . . . 628 Impact . | . . . . . . . . . Slashing 1706 | . . 31 . 162 1261 . . 252 Piercing . | . . . . . . . . . Highest Corruption 2 | . . . . . . . . 2 Average Corruption 2 | . . . . . . . . 2 Corruption Purged . | . . . . . . . . . Corruption Blocked . | . . . . . . . . . Effects 3 | . . . . . . . . 3 Matter Fused 1 | . . . . . . . . 1 Energy Discharges 1 | . . . . . . . . 1 Data Loss (minor) 1 | . . . . . . . . 1 Overload Shots . | . . . . . . . . . Overflow Damage 52 | . . . . . 50 . . 2 Projectiles . | . . . . . . . . . Explosions 2 | . . . . . . . . 2 Melee 50 | . . . . . 50 . . . Knockbacks 1 | . . . . . . . . 1 Impact . | . . . . . . . . . Kinetic 1 | . . . . . . . . 1 Secondary . | . . . . . . . . . Self-Inflicted Damage 150 | . . . . . . . . 150 Shots 5 | . . . . . . . . 5 Rammed . | . . . . . . . . . Targets Rammed . | . . . . . . . . . Kicked . | . . . . . . . . . Crushed . | . . . . . . . . . Highest Temperature 206 | 123 5 13 . . 32 206 131 81 Average Temperature 47 | 61 5 4 . . 15 59 58 36 Received Heat Transfer 1158 | 6 183 183 . 18 567 78 . 123 Siege Activations . | . . . . . . . . . Robots Corrupted . | . . . . . . . . . Combat Hostiles . | . . . . . . . . . Parts Fried 5 | . . . . . . . . 5 Impact Corruptions . | . . . . . . . . . Robots Melted . | . . . . . . . . . Combat Hostiles . | . . . . . . . . . Parts Melted 5 | . 3 . . . . 2 . . Heat Transferred 3456 | 185 1200 396 . . . 1500 . 175 Parts Sabotaged . | . . . . . . . . . Parts Stolen . | . . . . . . . . . Parts Stripped . | . . . . . . . . . Power Chain Reactions 2 | . . . . . . . . 2 Missiles Intercepted . | . . . . . . . . . Alert | -11 -10 -10 -10 -9 -8 -7 -7 -6 ------- Run | Scr Mat Min Exi Min Mat Fac Sto Fac Peak Influence 346 | 20 193 212 . 40 346 164 94 333 Initial 99 | . 11 . . . . 99 63 1 Average 73 | 4 63 39 . 8 95 74 56 150 Maximum Alert Level 1 | . . 1 . . 1 . . 1 Low Security (%) 91 | 100 100 96 . 100 83 100 100 60 Level 1 8 | . . 3 . . 16 . . 39 Level 2 . | . . . . . . . . . Level 3 . | . . . . . . . . . Level 4 . | . . . . . . . . . Level 5 . | . . . . . . . . . High Security . | . . . . . . . . . Max Security . | . . . . . . . . . Squads Dispatched 14 | . 3 . . 1 1 1 . 8 Investigation 5 | . 3 . . 1 . . . 1 Extermination 2 | . . . . . . 1 . 1 Reinforcement 4 | . . . . . 1 . . 3 Assault . | . . . . . . . . . Garrison 3 | . . . . . . . . 3 Intercept . | . . . . . . . . . Searches Triggered . | . . . . . . . . . Construction Impeded 1 | . . . . . . . . 1 Haulers Reinforced 1 | . . . . . . . . 1 Active Scanning Responses . | . . . . . . . . . Cargo Convoy Interrupts . | . . . . . . . . . Stealth | -11 -10 -10 -10 -9 -8 -7 -7 -6 --------- Run | Scr Mat Min Exi Min Mat Fac Sto Fac Distress Signals 2 | . 1 . . . . . . 1 Communications Jammed . | . . . . . . . . . Distress Signals . | . . . . . . . . . Times Spotted 95 | 1 19 13 . 3 30 11 1 17 Peak Tracking Total 4 | 1 4 3 . 2 4 4 1 4 Tactical Retreats 2 | . . . . . 2 . . . Traps | -11 -10 -10 -10 -9 -8 -7 -7 -6 ------- Run | Scr Mat Min Exi Min Mat Fac Sto Fac Traps Triggered 3 | . 1 . . . . 2 . . Indirectly . | . . . . . . . . . Trap Hack Attempts . | . . . . . . . . . Triggered . | . . . . . . . . . Disarmed . | . . . . . . . . . Reprogrammed . | . . . . . . . . . Reused . | . . . . . . . . . Traps Extracted . | . . . . . . . . . Installed . | . . . . . . . . . Triggered 1 | . . . . 1 . . . . Machines | -11 -10 -10 -10 -9 -8 -7 -7 -6 ---------- Run | Scr Mat Min Exi Min Mat Fac Sto Fac Machines Disabled 22 | . . 2 . . . . . 20 Max in Single Turn 8 | . . . . . . . . 8 Machines Sabotaged . | . . . . . . . . . Garrisons Compromised . | . . . . . . . . . Overloaded Fab Kills . | . . . . . . . . . Hacking | -11 -10 -10 -10 -9 -8 -7 -7 -6 --------- Run | Scr Mat Min Exi Min Mat Fac Sto Fac Machines Accessed 24 | . 7 . 4 1 3 4 2 3 Terminals 13 | . 6 . . . 2 1 2 2 Fabricators 1 | . . . . . . . . 1 Repair Stations 1 | . . . . . . 1 . . Recycling Units 3 | . 1 . . . . 2 . . Scanalyzers 1 | . . . . . 1 . . . Garrison Access . | . . . . . . . . . Total Hacks 82 | . 19 . 31 1 13 6 3 9 Successful 71 | . 14 . 31 1 12 6 3 4 Failed 11 | . 5 . . . 1 . . 5 Catastrophic . | . . . . . . . . . Database Lockouts . | . . . . . . . . . Manual 1 | . . . 1 . . . . . Terminals 38 | . 18 . . . 11 2 3 4 Fabricators 5 | . . . . . . . . 5 Repair Stations 2 | . . . . . . 2 . . Recycling Units 3 | . 1 . . . . 2 . . Scanalyzers 2 | . . . . . 2 . . . Garrison Access . | . . . . . . . . . Terminal Hacks 62 | . 13 . 31 1 10 2 3 2 Record 36 | . 1 . 31 . 3 1 . . Part Schematic 1 | . . . . . . . . 1 Robot Schematic 1 | . . . . . . . . 1 Robot Analysis 2 | . 2 . . . . . . . Prototype ID Bank 3 | . 2 . . . 1 . . . Open Door 2 | . . . . 1 . . 1 . Level Access Points 1 | . . . . . . . 1 . Branch Access Points 3 | . 1 . . . 1 1 . . Recycling Unit Index 1 | . . . . . . . 1 . Scanalyzer Index 1 | . 1 . . . . . . . Alert Level 3 | . 1 . . . 2 . . . Unreport Threat 1 | . 1 . . . . . . . Locate Traps 1 | . 1 . . . . . . . Dispatch Records 1 | . . . . . 1 . . . Maintenance Status 1 | . . . . . 1 . . . Transport Status 1 | . 1 . . . . . . . Hauler Manifests 1 | . . . . . 1 . . . Zone Layout 2 | . 2 . . . . . . . Fabricator Hacks 2 | . . . . . . . . 2 Load Schematic 1 | . . . . . . . . 1 Build 1 | . . . . . . . . 1 Repair Station Hacks 2 | . . . . . . 2 . . Scan Component 1 | . . . . . . 1 . . Repair 1 | . . . . . . 1 . . Recycling Unit Hacks 3 | . 1 . . . . 2 . . Report Inventory 3 | . 1 . . . . 2 . . Scanalyzer 2 | . . . . . 2 . . . Insert Component 1 | . . . . . 1 . . . Analyze 1 | . . . . . 1 . . . Garrison Access Hacks . | . . . . . . . . . Unauthorized Hacks . | . . . . . . . . . Terminals . | . . . . . . . . . Fabricators . | . . . . . . . . . Repair Stations . | . . . . . . . . . Recycling Units . | . . . . . . . . . Scanalyzers . | . . . . . . . . . Garrison Access . | . . . . . . . . . Data Cores Recovered . | . . . . . . . . . Used . | . . . . . . . . . Hacking Detections 14 | . 5 . . . 1 3 2 3 Full Trace Events 4 | . 3 . . . . . . 1 Feedback Events . | . . . . . . . . . Feedback Blocked . | . . . . . . . . . Robot Schematics Acquired 1 | . . . . . . . . 1 Robots Built . | . . . . . . . . . Authchips . | . . . . . . . . . Time . | . . . . . . . . . Total Robot Build Rating . | . . . . . . . . . Part Schematics Acquired 2 | . . . . . 1 . . 1 Parts Built 2 | . . . . . . . . 2 Authchips . | . . . . . . . . . Time 36 | . . . . . . . . 36 Total Part Build Rating 6 | . . . . . . . . 6 Parts Repaired 1 | . . . . . . 1 . . Time 38 | . . . . . . 38 . . Parts Recycled . | . . . . . . . . . Recycled Matter . | . . . . . . . . . Retrieved Matter . | . . . . . . . . . Retrieved Components . | . . . . . . . . . Parts Scanalyzed 1 | . . . . . 1 . . . Part Schematics Acquired 1 | . . . . . 1 . . . Parts Damaged . | . . . . . . . . . Bothacking | -11 -10 -10 -10 -9 -8 -7 -7 -6 ------------ Run | Scr Mat Min Exi Min Mat Fac Sto Fac Used RIF Installer . | . . . . . . . . . Robots Hacked 5 | . 2 . . . . 2 1 . Non-combat 4 | . 2 . . . . 1 1 . Combat 1 | . . . . . . 1 . . Robot Hacks Applied 7 | . 4 . . . . 2 1 . parse_system 2 | . 1 . . . . 1 . . no_distress 5 | . 3 . . . . 1 1 . Relay Couplers Released . | . . . . . . . . . Fabnet Peak Effective % . | . . . . . . . . . Robots Rewired . | . . . . . . . . . Allies Hacked . | . . . . . . . . . Hacks Repelled . | . . . . . . . . . Allies | -11 -10 -10 -10 -9 -8 -7 -7 -6 -------- Run | Scr Mat Min Exi Min Mat Fac Sto Fac Total Allies 1 | . . 1 . . . . . . Largest Group 1 | . . 1 . . . . . . Highest-Rated Group 31 | . . 31 . . . . . . Highest-Rated Ally 31 | . . 31 . . . . . . Total Orders . | . . . . . . . . . Ally Attacks 14 | . . 14 . . . . . . Total Damage 169 | . . 169 . . . . . . Kills 5 | . . 5 . . . . . . Allies Corrupted . | . . . . . . . . . Allies Melted . | . . . . . . . . . Intel | -11 -10 -10 -10 -9 -8 -7 -7 -6 ------- Run | Scr Mat Min Exi Min Mat Fac Sto Fac Robot Analysis Total 2 | . 2 . . . . . . . Derelict Logs Recovered 3 | . . 2 . 1 . . . . Drone Launches . | . . . . . . . . . Drone Recoveries . | . . . . . . . . . Exploration | -11 -10 -10 -10 -9 -8 -7 -7 -6 ------------- Run | Scr Mat Min Exi Min Mat Fac Sto Fac Turns Passed 7449 | 68 1367 1084 633 404 1425 1166 543 759 Spaces Moved 4368 | 66 1180 800 526 250 727 362 223 234 Core 31 | 17 . . . . . . . 14 Treads 1228 | . . . . . 503 362 223 140 Legs 2240 | . 367 793 526 250 224 . . 80 Wheels 483 | 49 427 7 . . . . . . Hover . | . . . . . . . . . Flight 386 | . 386 . . . . . . . Fastest Speed 37 | 50 37 100 120 120 120 235 238 50 Average Speed 140 | 72 95 120 120 124 153 239 238 226 Slowest Speed 260 | 80 190 190 120 190 242 242 238 260 Overloaded Moves . | . . . . . . . . . Propulsion Burnouts . | . . . . . . . . . Robots Hopped . | . . . . . . . . . Cave-ins Triggered . | . . . . . . . . . Exploration Rate (%) 51 | 6 95 99 92 48 58 12 42 7 Regions Visited 8 Branch Regions 4 Pre-discovered Areas 1 | . . 1 . . . . . . Known Exits Taken 6 | . 1 1 1 . 1 1 1 . Unknown Exits Taken 2 | 1 . . . 1 . . . . Scrap Searched 2 | . . 1 . 1 . . . . Spaces Dug 2 | . 2 . . . . . . . Terrain Destroyed 5 | . 2 . . . . . . 3 Melee . | . . . . . . . . . Projectile 4 | . 2 . . . . . . 2 AOE . | . . . . . . . . . Terrain Rammed . | . . . . . . . . . Walls Destroyed . | . . . . . . . . . Machines Disabled . | . . . . . . . . . Actions | -11 -10 -10 -10 -9 -8 -7 -7 -6 --------- Run | Scr Mat Min Exi Min Mat Fac Sto Fac Total 5325 | 80 1342 877 527 323 934 619 231 392 Wait 340 | . 19 14 . 45 38 192 . 32 Move 4360 | 65 1179 799 525 249 726 361 222 234 Hop . | . . . . . . . . . Pick Up 97 | 7 22 10 1 4 25 7 1 20 Fast Attach 12 | . 4 3 . . 4 . . 1 Attach 51 | 5 7 5 . 1 8 9 . 16 Detach 4 | . 1 . . 1 . . . 2 Swap 78 | . 16 10 1 7 31 6 2 5 Drop 63 | . 15 14 . 6 19 4 . 5 Fire 250 | 3 67 20 . . 51 37 5 67 Melee 70 | . 12 2 . 10 32 3 1 10 Ram . | . . . . . . . . . Kick . | . . . . . . . . . Crush . | . . . . . . . . . Escape Stasis . | . . . . . . . . . Rewire . | . . . . . . . . . Trap . | . . . . . . . . . Miscellaneous . | . . . . . . . . . Route ------- -11/Scrapyard -10/Materials (discovered 5 exits: *Mat x3 / *Min x2) -10/Mines (discovered 3 exits: *Mat x2 / *Exi) -10/Exiles (discovered 2 exits: *Min x2) -9/Mines -8/Materials (discovered 2 exits: *Fac x2) -7/Factory (discovered 4 exits: *Fac / *Sto / Low x2) -7/Storage -6/Factory History --------- Turn | Location | Event 2 | -11/Scrapyard | Met Revision 17 41 | -11/Scrapyard | Discovered new exit (range 8) 69 | -11/Scrapyard | Entered Materials 205 | -10/Materials | Identified exit to Mines 222 | -10/Materials | Discovered new exit (range 8) 308 | -10/Materials | Build established: Mutant 359 | -10/Materials | Discovered new exit (range 8) 738 | -10/Materials | Discovered new exit (range 7) 783 | -10/Materials | Build established: Scavenger-Mutant 1318 | -10/Materials | Build established: Mutant 1436 | -10/Materials | Entered Mines 1461 | -10/Mines | Escorted by a lone wolf Derelict 1481 | -10/Mines | Learned location of Storage (-7) 1738 | -10/Mines | Learned 2 Materials zone layouts 1769 | -10/Mines | Build established: Scavenger-Mutant 1802 | -10/Mines | Discovered new exit (range 15) 1852 | -10/Mines | Learned Materials terminal intel 1965 | -10/Mines | A weapon hastily lodged in a ceiling crevice suddenly fell to the ground 2080 | -10/Mines | Deemed a non-threat by the Exiles lab entrance 2080 | -10/Mines | Discovered new exit (range 5) 2164 | -10/Mines | Identified exit to Exiles 2255 | -10/Mines | Identified exit to Materials 2407 | -10/Mines | Discovered exit to Materials (range 7) 2520 | -10/Mines | Entered Exiles 2520 | -10/Exiles | Accompanied by 1 ally 2542 | -10/Exiles | Discovered new exit (range 15) 2558 | -10/Exiles | Identified exit to Mines 2583 | -10/Exiles | Met 8R-AWN 2610 | -10/Exiles | Met EX-HEX 2645 | -10/Exiles | Met EX-BIN 2660 | -10/Exiles | Aligned with FarCom system 2661 | -10/Exiles | Given EX-Vault access code 2716 | -10/Exiles | Opened EX-Vault 2721 | -10/Exiles | Found Prototype Processor 2722 | -10/Exiles | Identified 0b10 Alert Chip 2759 | -10/Exiles | Warned to stay clear of 0b10 Research branches 2793 | -10/Exiles | Met EX-DEC 2878 | -10/Exiles | Discovered exit to Mines (range 12) 2961 | -10/Exiles | Visited The Gauntlet 3153 | -10/Exiles | Left Exiles lab with 0b10 Alert Chip 3153 | -10/Exiles | Entered Mines 3173 | -9/Mines | Met a Derelict bent on vengeance 3302 | -9/Mines | Learned location of 2 exits from Materials 3309 | -9/Mines | Discovered new exit (range 5) 3374 | -9/Mines | Met a Derelict shopkeep closing up shop 3415 | -9/Mines | Excavation squad dispatched 3415 | -9/Mines | A large section of the Mines collapsed 3557 | -9/Mines | Entered Materials 3557 | -8/Materials | Evolved 4 slots: Propulsion x2, Utility x2 3558 | -8/Materials | Identified exit to Factory 3560 | -8/Materials | Loaded intel: 11 terminal locations 4149 | -8/Materials | Build established: Hacker-Mutant 4982 | -8/Materials | Entered Factory 4982 | -7/Factory | Evolved 2 slots: Utility x2 5302 | -7/Factory | Discovered new exit (range 15) 5514 | -7/Factory | Identified exit to Storage 5514 | -7/Factory | Identified exit to Lower Caves 5729 | -7/Factory | Repaired Adv. Treads 6148 | -7/Factory | Entered Storage 6360 | -7/Storage | Identified exit to Factory 6691 | -7/Storage | Entered Factory 6691 | -6/Factory | Evolved 2 slots: Utility x2 7145 | -6/Factory | Fabricated Adv. Treads (x2) 7170 | -6/Factory | Core integrity fell below 50% 7181 | -6/Factory | Core integrity fell below 20% 7199 | -6/Factory | Garrison activated, responded to threat 7220 | -6/Factory | Lost 6 parts (1p3n2w) 7450 | -6/Factory | Destroyed by L-41 Fighter with Axe Last Messages --------------- U-05 Engineer lays Concrete. ALERT: Cargo convoy en route, clear transfer corridor. U-05 Engineer lays Concrete. Acquired Imp. Deuterium Engine. Acquired 2 matter. Acquired Imp. Light Armor Plating. R-10 Processor collects VTOL Module. Acquired Matter Filter. Acquired Plasma Rifle. Acquired Power Amplifier. [Achievement: Serviceable Loadout] Slug penetrates L-41 Fighter. ALERT: Rogue bot located, Programmers report to Factory Zone 7O. Carbon-fiber Leg severed. Slug penetrates L-41 Fighter. Plasma Rifle severed. Imp. Light Armor Plating severed. Slug penetrates L-41 Fighter. Phase Shifter destroyed. Slug penetrates L-41 Fighter. Map ----- +----------------------------------------------------+ | ??????????# ""?????????????? | | ??????????# ""?????????????? | | ??????????# % ""?????????????? | | ???????#### % % % [ ???????????????? | | ???????# "" =% ???????????????? | | ???????#""" ???????????????? | | ???????#"F] ???????????????? | | ???????#""" %* ????????????????? | | ???????# "" ! % ##????????????????????? | | ???????#### #???b?????????????????? | | ??????????# ! #?????????????????????? | | ??????????# #?????????????????????? | | ??????????# % #?????????????????????? | | ??????????# % #?????????????????????? | | ??????????# * #???????""????????????? | | ########### ! ! #??????? ?????????????? | | % [! #??????""" "??????????? | | ##############+#######"## ##??????""" "??????????? | | ????????# ## # #?????? """ "??????????? | | ????????# #?## #?????? ?????????? | | ????????# ####+####?? """ """????????? | | ????????# # #?? """ """ #??? | | ????????# # """ "#? """ """ #??? | | ????????# # """ T#? #??? | | ????????# # """ "# ???? | | ????????# # [@l # " " ????? | | ????????# # """ + ""G""???????? | | ????????# # """ # #??? | | ????????# # """ # #??? | | ????????# # #?################??? | | ????????############## #???????????????????? | | ?????????????????????# #???????????????????? | | ?????????????????????#########???????????????????? | | ?????????????????????????????????????????????????? | | ?????????????????????????????????????????????????? | | | | | | | | | | | | | | | | | | | | | | | | | | | | | | | +----------------------------------------------------+ Best States ------------- Heat Dissipation 64 Energy Generation 18 Energy Capacity 250 Matter Stores 300 Matter Capacity 300 Sight Range 20 Terrain Scan Density 110 Armor Coverage 150 Resistance: KI 20 Resistance: TH 20 Resistance: EX 20 Resistance: EM 20 Resistance: I 20 Resistance: S 20 Resistance: P 20 Utility Shielding 33 Weapon Cycling 15 Phase Shifting 5 Evasion (%) 62 Recoil Reduction 8 Matter Filtering 30 Offensive Hacking 20 Item Schematics ----------------- Adv. Treads | -8/Materials | Scanalyzed Neutrino Core | -6/Factory | Hacked Robot Schematics ------------------ H-66 Slayer | -6/Factory | Hacked Fabricated ------------ Adv. Treads | x2 | -6/Factory Alien Tech Used ----------------- None Achievements -------------- Everything Is Under Control Just What I Needed Loot Pinata Oops Please Form A Line Serviceable Loadout Storm Trooper Troublemaker Challenges ------------ None Game ------ Seed VisualCouplerShearcannon Manual? 0 Play Time 01:25:32 Cumulative 5.6 hours Start 2022.07.02 @ 16:56:46 End 2022.07.02 @ 18:19:44 Sessions 1 Manual Loads 0 Difficulty Adventurer Special Mode None Game No. 3 Rogue 0 Adventurer 3 Explorer 0 Win Type - Total 0 Types 0/0/0/0/0/0/0/0/0 Lore% 10 Gallery% 14 Achievement% 9 Wizard Run 0 Options --------- ASCII 0 Keyboard 0 Movement Mouse Keybinds 0 Fullscreen 1 Font 18/TerminusBold Map View 76x50 Tactical HUD 0 Map Filters NONE Filters NONE Steam 1 RUN: 59f22158-3740-4bd4-ab7c-f0eeb63b6484